 Dungeon Crawl Stone Soup version 0.27-a0-978-g2aa4ecdaef (webtiles) character file.

Game seed: 16358810251615688567

75 siradein the Twirler (level 4, 0/33 HPs)
             Began as a Demonspawn Gladiator on Apr 14, 2021.
             Slain by an orc wizard
             ... wielding a +0 dagger
              (3 damage)
             ... on level 3 of the Dungeon.
             The game lasted 00:03:14 (2475 turns).

siradein the Twirler (Demonspawn Gladiator)         Turns: 2475, Time: 00:03:14

Health: 0/33       AC:  3    Str: 15    XL:     4   Next: 11%
Magic:  4/4        EV: 12    Int:  9    God:
Gold:   125        SH:  4    Dex: 15    Spells: 3/3 levels left

rFire    . . .     SeeInvis .   a - +0 quarterstaff
rCold    . . .     Faith    .   (shield currently unavailable)
rNeg     . . .     Spirit   .   b - +0 leather armour
rPois    .         Reflect  .   (helmet restricted)
rElec    .         Harm     .   (no cloak)
rCorr    .         Rampage  .   (no gloves)
Will     .....                  (no boots)
Stlth    +.........             (no amulet)
HPRegen  0.11/turn              (no ring)
MPRegen  0.09/turn              (no ring)

@: no status effects
A: antennae 1, large bone plates 1
a: no special abilities


You were on level 3 of the Dungeon.
You visited 1 branch of the dungeon, and saw 3 of its levels.

You collected 125 gold pieces.

Inventory:

Hand Weapons
 a - a +0 quarterstaff (weapon)
Missiles
 d - 3 throwing nets (quivered)
Armour
 b - a +0 leather armour (worn)
Scrolls
 e - a scroll of brand weapon {unknown}
 f - 4 scrolls of identify {unknown}
 g - a scroll of amnesia {unknown}
 j - a scroll of fear {unknown}
 m - a scroll of enchant weapon {unknown}
 n - a scroll of acquirement {unknown}
Potions
 h - 3 potions of degeneration {unknown}
 i - a potion of heal wounds {unknown}
 k - a potion of might {unknown}
 l - a potion of curing {unknown}


   Skills:
 - Level 2.0 Fighting
 + Level 4.5 Staves
 - Level 1.7 Throwing
 - Level 2.6 Dodging


You had 3 spell levels left.
You didn't know any spells.
Your spell library contained the following spells:

 Spells                   Type           Power      Damage    Failure   Level
 Sandblast                Erth           0%         2d4       45%         1
 Passwall                 Tmut/Erth      0%         N/A       58%         2
 Stone Arrow              Conj/Erth      0%         3d7       83%         3
 Petrify                  Tmut/Erth      0%         N/A       99%         4
 Lee's Rapid Deconstruct  Erth           0%         3d5*      100%        5


Dungeon Overview and Level Annotations

Branches:
Dungeon (3/15)

Altars:


Innate Abilities, Weirdness & Mutations

You have a pair of small antennae on your head.
You are partially covered in large bone plates. (SH +4)


Message History

You climb downwards.
The orc hits you with a +4 dagger.
The orc throws a boomerang of dispersal.
The boomerang of dispersal hits you.
You blink.
The orc wizard casts a spell at itself.
The orc wizard flickers and vanishes!
Deactivating autopickup; reactivate with Ctrl-A.
You can't go up here!
You hit the orc but do no damage. The orc hits you with a +0 dagger.
You hit the orc.
The orc is severely wounded.
The orc hits you with a +4 dagger.
You barely miss the orc.
The orc is severely wounded.
The orc misses you. The orc hits you with a +4 dagger.
You hit the orc.
You kill the orc!
The orc throws a boomerang of dispersal.
The boomerang of dispersal misses you. The orc closely misses you.
You hear some strange, mumbled words.
You are confused.
You see here a +4 dagger.
You barely miss something. The orc barely misses you. Something hits you.
The orc misses you.
You're too confused to move!
Something hits you.
* * * LOW HITPOINT WARNING * * *
The orc hits you with a +0 dagger.
* * * LOW HITPOINT WARNING * * *
You bump into the rock wall.
You feel less confused. Something hits you but does no damage.
You closely miss something. Something hits you.
* * * LOW HITPOINT WARNING * * *
You hear some strange, mumbled words.
Something tries to affect you, but you resist.
You hit something.
You hear some strange, mumbled words.
Something tries to affect you, but you resist.
You closely miss something. Something hits you.
You die...

# .#.# ##.$#.# .....###
#..>...# ##.#..##.#
#.########o##...#.#
.......@{Joo.....<#####
#######.###............
#.# ##..!<.##
#.........##
########..# ##.# #.#
#.# ..#


You could see 3 orcs and an endoplasm.

Vanquished Creatures
  2 adders (D:2)
  A dart slug (D:1)
  An orc (D:3)
  6 bats
  An endoplasm (D:2)
  3 giant cockroaches
  6 goblins
  4 hobgoblins
  7 jackals (D:1)
  2 kobolds
  3 quokkas (D:1)
  3 ball pythons (D:1)
  3 frilled lizards
  10 rats
52 creatures vanquished.

Notes
Turn   | Place    | Note
-------+----------+-------------------------------------------
     0 | D:1      | siradein the Demonspawn Gladiator began the quest for the
                  | Orb.
     0 | D:1      | Reached XP level 1. HP: 16/16 MP: 1/1
    23 | D:1      | Reached skill level 3 in Staves
    99 | D:1      | Found a faded altar of an unknown god.
   193 | D:1      | Gained mutation: You are partially covered in large bone
                  | plates. (SH +4) [demonic ancestry]
   193 | D:1      | Reached XP level 2. HP: 22/22 MP: 2/2
   833 | D:1      | Reached XP level 3. HP: 23/27 MP: 3/3
  1122 | D:1      | Reached skill level 4 in Staves
  2125 | D:2      | Gained mutation: You have a pair of small antennae on your
                  | head. [demonic ancestry]
  2125 | D:2      | Reached XP level 4. HP: 32/33 MP: 4/4
  2475 | D:3      | Slain by an orc wizard

Illustrated notes

Levels and vault maps discovered:
D:1:      mrwooster_arrival_statue, layout_loops_ring,
          hellmonk_ecumenical_altar_pennies_from_heaven, hangedman_decor_growths
D:2:      layout_basic
D:3:      layout_loops_ring

Skill      XL: |  1  2  3 |
---------------+----------+-----
Staves         | 3 4 |  4.5
Fighting       | |  2.0
Throwing       | |  1.7
Dodging        | |  2.6

Action                   |  1- 3 |  4- 6 || total
-------------------------+-------+-------++-------
Melee: Quarterstaff      |   124 |    10 ||   134
 Stab: Sleeping          |     1 |       ||     1
Armor: Leather armour    |    41 |     1 ||    42
Dodge: Dodged            |    88 |     5 ||    93
Block: Other             |    22 |       ||    22

Table legend: (Time is in decaauts)
 A = Elapsed time spent in this place.
 B = Non-inter-level travel time spent in this place.
 C = Inter-level travel time spent in this place.
 D = Time resting spent in this place.
 E = Time spent auto-exploring this place.
 F = Levels seen in this place.
 G = Mean time per level.
                   A        B        C        D        E       F      G
               +--------+--------+--------+--------+--------+-----+--------+
         Total |   2491 |   2405 |     86 |      0 |   2090 |   3 |  830.3 |
       Dungeon |   2491 |   2405 |     86 |      0 |   2090 |   3 |  830.3 |
               +--------+--------+--------+--------+--------+-----+--------+

Top non-repeatable levels by time:
     D:1: 1362 daAuts
     D:2: 1108 daAuts
     D:3: 20 daAuts
